 Dungeon Crawl Stone Soup version 0.25-a0-458-g6fc7858b95 (webtiles) character file.

Game seed: 6090995750726830858, levelgen mode: deterministic

160 sking99 the Firebug (level 5, -10/41 HPs)
             Began as a Draconian Fire Elementalist on Feb 1, 2020.
             Killed from afar by Grinder (47 damage)
             ... with an exploding inner flame
             ... hexed by the player character
             ... on level 3 of the Dungeon.
             The game lasted 00:08:46 (3355 turns).

sking99 the Firebug (Draconian Fire Elementalist)   Turns: 3355, Time: 00:08:47

Health: -10/41     AC:  5    Str: 10    XL:     5   Next: 17%
Magic:  4/9        EV: 12    Int: 16    God:
Gold:   101        SH:  0    Dex: 12    Spells: 2/9 levels left

rFire    . . .     SeeInvis .   c - +3 dagger (venom)
rCold    . . .     Gourm    .   (no shield)
rNeg     . . .     Faith    .   (armour unavailable)
rPois    .         Spirit   .   (helmet restricted)
rElec    .         Reflect  .   (no cloak)
rCorr    .         Harm     .   (no gloves)
MR       .....                  (no boots)
Stlth    ++........             (no amulet)
HPRegen  0.13/turn              (no ring)
MPRegen  0.11/turn              (no ring)

@: no status effects
A: unfitting armour, cold-blooded, AC +5
a: no special abilities


You were on level 3 of the Dungeon.
You were hungry.

You visited 1 branch of the dungeon, and saw 3 of its levels.

You collected 101 gold pieces.

Inventory:

Hand Weapons
 c - a +3 dagger of venom (weapon)
Scrolls
 a - 2 scrolls of blinking
 f - a scroll of remove curse
 l - a scroll of random uselessness {unknown}
Potions
 d - 3 potions of brilliance
 e - a potion of degeneration {unknown}
 g - 2 potions of curing
 h - a potion of heal wounds {unknown}
 i - a potion of haste {unknown}
 j - a potion of lignification {unknown}
 n - a potion of mutation {unknown}
 o - 2 potions of berserk rage
 r - a potion of might {unknown}
Comestibles
 b - 7 rations


   Skills:
 + Level 2.0 Fighting
 - Level 1.7 Dodging
 - Level 1.7 Stealth
 + Level 2.7 Spellcasting
 * Level 2.9 Conjurations
 * Level 4.1 Fire Magic


You had 2 spell levels left.
You knew the following spells:

 Your Spells              Type           Power        Failure   Level  Hunger
a - Foxfire               Conj/Fire      ##..         4%          1    #......
b - Conjure Flame         Conj/Fire      ##......     14%         3    ###....
c - Inner Flame           Hex/Fire       #.......     24%         3    ###....

Your spell library contained the following spells:

 Spells                   Type           Power        Failure   Level  Hunger
 Sticky Flame             Conj/Fire      ##......     41%         4    #####..
 Fireball                 Conj/Fire      ##........   77%         5    ######.


Dungeon Overview and Level Annotations

Branches:
Dungeon (3/15)

Altars:

Annotations:
D:3 1 runed translucent door, PigIron's ghost, amateur DsVM


Innate Abilities, Weirdness & Mutations

Your plain brown scales are hard. (AC +5)
You cannot fit into any form of body armour.
You are cold-blooded and may be slowed by cold attacks.


Message History

The foxfire hits Grinder.
Flame seeps out of Grinder.
Grinder is lightly wounded.
The foxfire hits Grinder.
Flame seeps out of Grinder.
Grinder is lightly wounded.
Grinder is engulfed in blazing flames.
Flame seeps out of Grinder.
Casting: Foxfire (safe; 4% risk of failure)
Confirm with . or Enter, or press ? or * to list all spells.
You conjure some foxfire!
Grinder hits you.
You writhe in agony.
The foxfire hits Grinder.
Flame seeps out of Grinder.
Grinder is moderately wounded.
The foxfire hits Grinder.
Flame seeps out of Grinder.
Grinder is heavily wounded.
Grinder is engulfed in blazing flames.
Flame seeps out of Grinder.
Grinder gestures at you. You resist with significant effort.
Grinder is engulfed in blazing flames.
Grinder explodes!
The fiery explosion engulfs you!!!
Ouch! That really hurt!
You die...

#...#.....# #.# ###.#
##.........# #.# #.#
#.......#### #.# #.#
###.#.#...# #.# #.#
#..)......#### #[#######.#
#.#.#.#..##..# ###.....#.#
#.#..........# §§#...#.#.#
#.###.#...#.## §z+.......#
#......§§@#.# §W#.......#
#..##.#.○§#.# ####.#..)##
.#######..##.##.##.# #.##.##
...o(§o...##.##.##[#######.##.#
.#######.###.##....<..........#
#.# #.##..############## #.#
#.##..# #.# #.....# #.# ###.#.#


There were no monsters in sight!

Vanquished Creatures
  Jessica (D:2)
  An orc wizard (D:2)
  A worker ant (D:3)
  An adder (D:2)
  4 dart slugs
  A leopard gecko (D:3)
  4 orcs (D:3)
  2 ball pythons (D:2)
  4 bats
  A giant cockroach (D:1)
  11 hobgoblins
  2 jackals (D:3)
  A quokka (D:3)
  2 frilled lizards
  11 goblins
  4 kobolds
  8 rats
59 creatures vanquished.

Vanquished Creatures (others)
  173 foxfires
173 creatures vanquished.

Grand Total: 232 creatures vanquished

Notes
Turn   | Place    | Note
-------+----------+-------------------------------------------
     0 | D:1      | sking99 the Draconian Fire Elementalist began the quest for
                  | the Orb.
     0 | D:1      | Reached XP level 1. HP: 14/14 MP: 3/3
   326 | D:1      | Reached XP level 2. HP: 14/22 MP: 0/5
  1246 | D:2      | Reached skill level 1 in Fighting
  1369 | D:2      | Reached XP level 3. HP: 28/28 MP: 4/6
  1394 | D:2      | Learned a level 3 spell: Conjure Flame
  2086 | D:2      | Noticed Jessica
  2091 | D:2      | Killed Jessica
  2091 | D:2      | Reached XP level 4. HP: 35/35 MP: 4/7
  2844 | D:3      | Reached skill level 4 in Fire Magic
  3092 | D:3      | Found a runed translucent door.
  3093 | D:3      | Noticed PigIron's ghost (amateur DsVM)
  3187 | D:3      | Learned a level 3 spell: Inner Flame
  3233 | D:3      | Noticed Grinder
  3260 | D:2      | Reached XP level 5. HP: 41/41 MP: 0/9
  3355 | D:3      | Killed Grinder
  3355 | D:3      | Killed from afar by Grinder

Levels and vault maps discovered:
D:1:      mrwooster_arrival_statue, layout_rooms
D:2:      layout_loops_corners, first_ration, uniq_jessica
D:3:      layout_loops_ring, ebering_ghost_inner_flame, uniq_grinder

Skill      XL: |  1  2  3  4 |
---------------+-------------+-----
Fighting       | 1 2 |  2.0
Conjurations   | 2 |  2.9
Fire Magic     | 4 |  4.1
Dodging        | |  1.7
Stealth        | |  1.7
Spellcasting   | |  2.7

Action                   |  1- 3 |  4- 6 || total
-------------------------+-------+-------++-------
Melee: Unarmed           |     4 |       ||     4
       Dagger            |       |     1 ||     1
 Cast: Foxfire           |    57 |    46 ||   103
       Conjure Flame     |     3 |     3 ||     6
       Inner Flame       |       |     2 ||     2
  Use: Scroll            |       |     9 ||     9
  Eat: Chunk             |     5 |     4 ||     9
Armor: Skin              |    15 |     4 ||    19
Dodge: Dodged            |    34 |    18 ||    52

Table legend:
 A = Non-vault XP
 B = Vault XP
 C = Vault XP percentage of total XP
 D = Non-vault monster count
 E = Vault monster count
 F = Vault count percentage of total count
                 A         B        C        D         E       F
            +---------+---------+-------+---------+---------+-------
      Total |     192 |      37 |  16.2 |      58 |       1 |   1.7
            +---------+---------+-------+---------+---------+-------
        D:1 |      33 |       0 |   0.0 |      16 |       0 |   0.0
        D:2 |      81 |      37 |  31.4 |      20 |       1 |   4.8
        D:3 |      78 |       0 |   0.0 |      22 |       0 |   0.0
            +---------+---------+-------+---------+---------+-------
